 Dungeon Crawl Stone Soup version 0.31-a0-344-gd109795599 (webtiles) character file.

Game seed: 10969598598345175308

12032 garrulousMonolith the Cleaver (level 11, -10/99 HPs)
             Began as a Hill Orc Monk on July 21, 2023.
             Was an Elder of Beogh.
             Killed from afar by an ice dragon (50 damage)
             ... with a blast of cold
             ... on level 11 of the Dungeon.
             The game lasted 00:12:11 (9734 turns).

garrulousMonolith the Cleaver (Hill Orc Monk)       Turns: 9734, Time: 00:12:11

Health: -10/99     AC: 16    Str: 19    XL:     11   Next: 87%
Magic:  17/18      EV:  8    Int: 10    God:    Beogh [****..]
Gold:   393        SH:  6    Dex: 13    Spells: 10/10 levels left

rFire   + . .        M - +2 war axe (elec)
rCold   . . .        b - +0 buckler
rNeg    . . .        i - +0 chain mail
rPois   .            w - +0 helmet
rElec   .            J - +0 cloak
rCorr   .            (no gloves)
SInv    .            a - +1 pair of boots
Will    .....        (no amulet) Stlth
                     j - +4 ring of slaying
HPRegen 0.36/turn    T - ring of protection from fire
MPRegen 0.16/turn

%: no passive effects
@: no status effects
A: no striking features
a: Renounce Religion, Smiting, Recall Orcish Followers


You were on level 11 of the Dungeon.
You worshipped Beogh.
Beogh was greatly pleased with you.
You visited 2 branches of the dungeon, and saw 12 of its levels.

You collected 644 gold pieces.
You spent 251 gold pieces at shops.

Inventory:

Hand Weapons
 H - a +0 trident
 M - a +2 war axe of electrocution (weapon)
Missiles
 s - 27 poisoned darts
 x - 6 silver javelins
 F - 5 throwing nets
 I - 2 curare-tipped darts
Armour
 a - a +1 pair of boots (worn)
 b - a +0 buckler (worn)
 i - a +0 chain mail (worn)
 w - a +0 helmet (worn)
 J - a +0 cloak (worn)
 P - the +5 robe of Night {Dark Will+ SInv}
   (You found it on level 9 of the Dungeon)

   Dark:      It shrouds the wearer in darkness, reducing the range at which
   they can see and be seen by others.
   SInv:      It lets you see invisible.
   Will:      It increases your willpower.
Magical Staves
 A - a staff of air
Jewellery
 j - a +4 ring of slaying (left hand)
 v - a +5 ring of evasion
 E - a +6 ring of dexterity
 N - a ring of positive energy
 Q - a +6 ring of intelligence
 T - a ring of protection from fire (right hand)
Wands
 y - a wand of paralysis (16)
 L - a wand of flame (18)
 O - a wand of polymorph (13)
 R - a wand of quicksilver (5)
 S - a wand of mindburst (2)
Scrolls
 e - 2 scrolls of torment {unknown}
 f - 2 scrolls of revelation
 g - 7 scrolls of teleportation {unknown}
 h - a scroll of amnesia {unknown}
 l - 4 scrolls of vulnerability
 n - 4 scrolls of fear {unknown}
 o - 2 scrolls of fog {unknown}
 r - a scroll of immolation {unknown}
 t - 2 scrolls of blinking {unknown}
 u - 7 scrolls of identify
 B - 2 scrolls of summoning {unknown}
 K - a scroll of enchant armour {unknown}
 U - a scroll of enchant weapon {unknown}
Potions
 c - 4 potions of ambrosia
 d - a potion of attraction {unknown}
 k - 3 potions of cancellation
 m - 2 potions of haste
 p - a potion of berserk rage {unknown}
 q - a potion of might {unknown}
 z - a potion of lignification {unknown}
 C - 3 potions of resistance
 D - 2 potions of heal wounds {unknown}
 G - a potion of enlightenment


   Skills:
 + Level 9.9 Fighting
 * Level 14.5 Axes
 + Level 8.3 Armour
 - Level 2.4 Dodging
 + Level 8.0 Shields
 + Level 9.7 Invocations


You had 10 spell levels left.
You didn't know any spells.
Your spell library contained the following spells:

 Spells                   Type           Power      Damage    Failure   Level
 Magic Dart               Conj           0%         1d3       96%         1
 Summon Small Mammal      Summ           0%         N/A       96%         1
 Searing Ray              Conj           0%         2d4       99%         2
 Call Canine Familiar     Summ           0%         N/A       100%        3
 Stone Arrow              Conj/Erth      0%         3d7       100%        3
 Summon Guardian Golem    Hex/Summ       0%         N/A       100%        3
 Animate Armour           Summ/Erth      0%         N/A       100%        4
 Fulminant Prism          Conj/Hex       0%         3d5       100%        4
 Leda's Liquefaction      Hex/Erth       0%         N/A       100%        4
 Summon Lightning Spire   Summ/Air       0%         N/A       100%        4
 Lee's Rapid Deconstruct  Erth           0%         3d4*      100%        5
 Leda's Unmaking          Conj/Erth      0%         9d1       100%        6
 Lehudib's Crystal Spear  Conj/Erth      0%         10d2      100%        8


Dungeon Overview and Level Annotations

Branches:
Dungeon (11/15)            Temple (1/1) D:4            Lair (0/5) D:11
    Orc (0/2) D:10

Altars:
Ashenzari
Cheibriados
Dithmenos
Elyvilon
Fedhas
Gozag
Hepliaklqana
Kikubaaqudgha
Makhleb
Nemelex Xobeh
Okawaru
Qazlal
Ru
Sif Muna
Trog
Uskayaw
Vehumet
Wu Jian
Xom
Yredelemnul
Zin
The Shining One

Shops:
D:4 *   D:6 (

Annotations:
D:6 1 runed translucent door, GiantSquids's ghost, novice OpSh
D:7 1 runed translucent door, MrSquiggles's ghost, novice GrEE


Message History

A centaur warrior and a howler monkey come into view.
The centaur warrior shouts!
Your orc warrior hits the ice dragon with a +0 dagger!
The kobold brigand barely misses your ice devil.
A deep elf pyromancer comes into view. It is wielding a +0 short sword.
The yak gores your ice devil!
Your ice devil dies!
Your ice devil disappears in a puff of smoke!
The ice dragon bites your orc warrior. The ice dragon claws your orc warrior!
The ice dragon closely misses your orc warrior.
You slash the yak!
The yak is moderately wounded.
The deep elf pyromancer gestures wildly while chanting.
The deep elf pyromancer blinks!
A boulder beetle comes into view.
You block the yak's attack.
Orbeogh hits the ice dragon with a +1 dagger of electrocution.
You hit the yak.
The yak is moderately wounded.
You slash the ice dragon!
Lightning courses through the ice dragon!
The ice dragon seems less drained.
A centaur warrior comes into view.
It is wielding the +3 dire flail of the Bruised Demons {heavy, Int+2} and wearing the ring of Nokk {rPois rF+}.
Your orc warrior barely misses the ice dragon.
The deep elf pyromancer casts a spell.
The deep elf pyromancer blinks!
You block the yak's attack.
The ice dragon bites you but does no damage.
You block the ice dragon's attack.
The ice dragon tramples you but does no damage.
The centaur warrior hits your orc warrior with the +3 dire flail of the Bruised Demons {heavy, Int+2}!!
Your orc warrior dies!
Orbeogh hits the ice dragon but does no damage.
Lightning courses through the ice dragon!!
You slash the yak!
The yak is heavily wounded.
You slash the ice dragon! The yak gores you but does no damage.
The ice dragon breathes frost at you. The blast of cold hits you!!!
Ouch! That really hurt!
You die...

........o########
#.>#.###o........
#.
#.##.###o.###.###
#. ##.##o##..##
#.##.o..o.o.###
.###...o########$#
........#. ..##
.####...#.#####u..#
##..#..4o@YYKT#
##.#####D#{oc#
##.#...c)#


cgY# ##..###ยง### l.# ##o.##.)...## B.. ##..##..#.#..## .. #.o##.........# .
#.o#.e.........# #..#...._._..#.# You could see an ice dragon (catching breath),
a boulder beetle, an orc knight, a green ugly thing, 2 centaur warriors, a deep
elf pyromancer, 3 yaks, a troll, a wyvern, a kobold brigand, a gnoll sergeant, a
centaur, a friendly chaos spawn (summoned) and the friendly Orbeogh the orc
sorcerer.

Vanquished Creatures
  A hydra (D:9)
  Harold (D:10)
  A two-headed ogre (D:11)
  A deep elf pyromancer (D:9)
  A cyclops (D:9)
  Joseph (D:8)
  A gargoyle (D:9)
  A kobold demonologist (D:9)
  An efreet (D:9)
  2 hornets (D:9)
  6 dream sheep (D:9)
  A vampire (D:9)
  2 shadows (D:9)
  5 yaks
  2 wyverns
  2 water moccasins
  3 black bears
  An ogre (D:4)
  3 centaurs
  2 phantoms
  4 kobold brigands
  A gnoll sergeant (D:10)
  3 bullfrogs
  3 scorpions (D:4)
  2 howler monkeys (D:9)
  2 jellies
  2 orc priests
  4 iguanas
  2 sleepcaps (D:7)
  6 orc wizards
  7 gnolls
  11 adders
  A shadow imp (D:5)
  2 white imps (D:6)
  An ufetubus (D:5)
  4 dart slugs
  12 orcs
  5 endoplasms
  10 giant cockroaches
  3 goblins
  6 hobgoblins
  23 jackals
  5 quokkas
  19 ball pythons
  4 bats
  4 frilled lizards
  9 kobolds
  3 rats
196 creatures vanquished.

Vanquished Creatures (collateral kills)
  2 two-headed ogres
  A boulder beetle (D:9)
  An unseen horror (D:9)
  A hornet (D:9)
  2 dream sheep (D:9)
  A spriggan (D:7)
  A wraith (D:9)
  2 wyverns
  2 vampires
  5 yaks
  An acid dragon (D:10)
  A black bear (D:5)
  2 kobold brigands
  2 bullfrogs (D:9)
  A scorpion (D:6)
  A killer bee (D:9)
  A howler monkey (D:10)
  A jelly (D:6)
  An orc priest (D:9)
  2 orc wizards (D:8)
  An adder (D:6)
  An ufetubus (D:6)
  3 orcs
  3 kobolds
39 creatures vanquished.

Vanquished Creatures (others)
  An orc knight (D:9)
  An orc sorcerer (D:11)
  2 orc priests
  4 orc warriors
  A bullfrog (D:9)
  2 orc wizards (D:11)
  3 orcs (D:9)
14 creatures vanquished.

Grand Total: 249 creatures vanquished

Notes
Turn   | Place    | Note
-------+----------+-------------------------------------------
     0 | D:1      | garrulousMonolith the Hill Orc Monk began the quest for the
                  | Orb.
     0 | D:1      | Reached XP level 1. HP: 19/19 MP: 1/1
    59 | D:1      | Reached XP level 2. HP: 20/27 MP: 2/2
   193 | D:1      | Reached skill level 1 in Invocations
   430 | D:1      | Reached XP level 3. HP: 33/33 MP: 3/3
   491 | D:1      | Reached skill level 1 in Armour
   935 | D:1      | Reached skill level 1 in Shields
  1105 | D:2      | Reached skill level 5 in Axes
  1191 | D:2      | Reached XP level 4. HP: 35/40 MP: 5/5
  1646 | D:3      | Reached XP level 5. HP: 43/46 MP: 6/6
  2261 | D:3      | Reached skill level 6 in Axes
  2267 | D:3      | Became a worshipper of Beogh the Brigand
  2267 | D:3      | Reached * piety under Beogh
  2267 | D:3      | Reached ** piety under Beogh
  2441 | D:3      | Reached XP level 6. HP: 47/53 MP: 7/7
  2737 | D:4      | Noticed a black bear
  2749 | D:4      | Killed a black bear
  2893 | D:4      | Found a sacrificial altar of Ru.
  3031 | D:4      | Found a staircase to the Ecumenical Temple.
  3050 | D:4      | Reached skill level 5 in Fighting
  3050 | D:4      | Reached XP level 7. HP: 13/61 MP: 9/9
  3229 | D:4      | Reached skill level 7 in Axes
  3325 | Temple   | Entered the Ecumenical Temple
  3337 | D:4      | Found Odiron's General Store.
  3345 | D:4      | Bought a scroll of revelation for 82 gold pieces
  3706 | D:5      | Entered Level 5 of the Dungeon
  3731 | D:5      | Reached *** piety under Beogh
  3810 | D:5      | Found a bloodstained altar of Trog.
  3848 | D:5      | Found a radiant altar of Vehumet.
  3908 | D:5      | Reached skill level 8 in Axes
  3908 | D:5      | Reached XP level 8. HP: 67/69 MP: 11/11
  4376 | D:6      | Found a snail-covered altar of Cheibriados.
  4391 | D:6      | Identified the +5 dagger "Capra" {drain, rPois rF- rN+++
                  | Dex+3}
  4567 | D:6      | Reached skill level 5 in Invocations
  4621 | D:6      | Found a blossoming altar of Fedhas.
  4738 | D:6      | Found Jegaf's Antique Weapon Boutique.
  4804 | D:6      | Bought a glowing war axe for 169 gold pieces
  5026 | D:6      | Reached skill level 9 in Axes
  5049 | D:6      | Found a runed translucent door.
  5050 | D:6      | Noticed GiantSquids's ghost (novice OpSh)
  5435 | D:7      | Found a faded altar of an unknown god.
  5435 | D:7      | Noticed a spriggan
  5436 | D:7      | Found a hazy altar of Hepliaklqana.
  5441 | D:7      | Killed a spriggan
  5442 | D:7      | Reached XP level 9. HP: 77/78 MP: 13/13
  5659 | D:7      | Reached skill level 5 in Armour
  5751 | D:7      | Found a runed translucent door.
  6059 | D:7      | Noticed MrSquiggles's ghost (novice GrEE)
  6150 | D:8      | Reached skill level 10 in Axes
  6343 | D:8      | Reached skill level 5 in Shields
  6403 | D:8      | Found a white marble altar of Elyvilon.
  6790 | D:8      | Noticed Joseph
  6798 | D:8      | Killed Joseph
  7146 | D:9      | Reached skill level 11 in Axes
  7148 | D:9      | Reached **** piety under Beogh
  7155 | D:9      | Reached XP level 10. HP: 57/88 MP: 15/15
  7373 | D:9      | Found the +5 robe of Night {Dark Will+ SInv}
  7412 | D:9      | Found a glowing golden altar of the Shining One.
  7563 | D:9      | Reached skill level 12 in Axes
  7566 | D:9      | Noticed a four-headed hydra
  7566 | D:9      | Noticed a boulder beetle
  7566 | D:9      | Noticed a gargoyle
  7566 | D:9      | Noticed a cyclops
  7567 | D:9      | Noticed a deep elf pyromancer
  7567 | D:9      | Noticed a kobold demonologist
  7576 | D:9      | Killed a seven-headed hydra
  7580 | D:9      | Killed a cyclops
  7580 | D:9      | Gained Bogbarth as an ally
  7591 | D:9      | Killed a deep elf pyromancer
  7597 | D:9      | Killed an unseen horror
  7597 | D:9      | Gained Orbeogh as an ally
  7598 | D:9      | Noticed an orange demon
  7600 | D:9      | Killed a gargoyle
  7601 | D:9      | Reached skill level 13 in Axes
  7601 | D:9      | Reached XP level 11. HP: 22/95 MP: 9/17
  7604 | D:9      | Killed a boulder beetle
  7605 | D:9      | HP: 2/97 [orange demon[a kobold demonologist] (9)]
  8631 | D:10     | Entered Level 10 of the Dungeon
  8631 | D:10     | Found a hide-covered altar of Uskayaw.
  8656 | D:10     | Noticed Harold
  8672 | D:10     | Killed Harold
  8686 | D:10     | Noticed a two-headed ogre
  8691 | D:10     | Killed a two-headed ogre
  8954 | D:10     | Found a glowing silver altar of Zin.
  9228 | D:10     | Reached skill level 14 in Axes
  9493 | D:10     | Found a staircase to the Orcish Mines.
  9559 | D:11     | Noticed a two-headed ogre
  9566 | D:11     | Killed a two-headed ogre
  9659 | D:11     | Found a staircase to the Lair.
  9691 | D:11     | Found a burning altar of Makhleb.
  9692 | D:11     | Found an ancient bone altar of Kikubaaqudgha.
  9695 | D:11     | Found a blossoming altar of Fedhas.
  9695 | D:11     | Found a radiant altar of Vehumet.
  9720 | D:11     | Your ally Bogbarth died
  9721 | D:11     | Noticed a two-headed ogre
  9721 | D:11     | Identified the +8 flail of Tomorrow {freeze, rF- Dex+4}
  9721 | D:11     | Noticed an orc knight
  9723 | D:11     | Noticed a green ugly thing
  9725 | D:11     | Killed a two-headed ogre
  9725 | D:11     | Noticed a cyclops
  9726 | D:11     | Noticed an ice dragon
  9731 | D:11     | Noticed a centaur warrior
  9731 | D:11     | Noticed a deep elf pyromancer
  9732 | D:11     | Noticed a boulder beetle
  9733 | D:11     | Identified the +3 dire flail of the Bruised Demons {heavy,
                  | Int+2}
  9733 | D:11     | Identified the ring of Nokk {rPois rF+}
  9733 | D:11     | Noticed a centaur warrior
  9734 | D:11     | Killed from afar by an ice dragon

Illustrated notes

Levels and vault maps discovered:
D:1:      dpeg_arrival_houses_and_road, layout_basic
D:2:      layout_basic, minmay_heptomino_w4
D:3:      layout_basic, minmay_snake_closets
D:4:      minmay_opposing_rooms, layout_basic, mainiacjoe_overflow_alcove_2,
          minmay_temple_entry_ruins, serial_shops,
          nicolae_shop_competitors_out_of_business
D:5:      layout_cave_pools, trog_three_pillars_becter, old_standard_altar
D:6:      layout_loops_ring, mainiacjoe_overflow_surrounded_room,
          mainiacjoe_overflow_boulevard, serial_shops, shop,
          gammafunk_ghost_grave
D:7:      layout_basic, beargit_hepliaklqana_dungeon_heroes,
          ebering_ghost_reflecting_pool
D:8:      layout_basic, mainiacjoe_overflow_six_doors_small, uniq_joseph
D:9:      nzn_winding_woodlands_cross [nzn_winding_woodlands_5x15_sidewinder,
          nzn_winding_woodlands_5x15_longhouse,
          nzn_winding_woodlands_5x15_crooked,
          nzn_winding_woodlands_5x15_default,
          nzn_winding_woodlands_15x15_killbox], layout_basic, tso_oasis_becter,
          hellmonk_guarded_unrand_night
D:10:     layout_long_grid, nicolae_overflow_crystal_walls,
          mainiacjoe_overflow_small_starburst, orc_0_dummy, nzn_life_drinkers,
          uniq_harold
D:11:     minmay_the_grid_octo_tiled_squarecenter
          [minmay_the_grid_octo_fan_narrow,
          minmay_the_grid_octo_vomiting_pacman, minmay_the_grid_octo_shrine,
          minmay_the_grid_octo_chip, minmay_the_grid_square_5x5_megaprize_open,
          minmay_the_grid_square_5x5_two, minmay_the_grid_square_5x5_plus,
          minmay_the_grid_square_5x5_half_checkered,
          minmay_the_grid_square_5x5_empty], layout_loops_ring, lair_entry_dummy
Temple:   minmay_temple_bridge_abc

Skill      XL: |  1  2  3  4  5  6  7  8  9 10 11 |
---------------+----------------------------------+-----
Invocations    | 1 2 3 4 5 7 8 9 |  9.7
Armour         | 1 2 3 4 6 7 8 |  8.3
Shields        | 1 2 3 4 5 7 8 |  8.0
Fighting       | 4 5 6 7 8 9 |  9.9
Axes           | 5 6 8 9 11 13 14 | 14.5
Dodging        | |  2.4

Action                     |  1- 3 |  4- 6 |  7- 9 | 10-12 || total
---------------------------+-------+-------+-------+-------++-------
  Melee: Hand axe          |    96 |   151 |   109 |       ||   356
         War axe           |       |       |    83 |   139 ||   222
 Invoke: Convert to Beogh  |       |     1 |       |       ||     1
         Smiting           |       |       |       |     6 ||     6
    Use: Scroll            |       |     3 |     1 |       ||     4
         Potion            |       |       |       |     5 ||     5
 Armour: Robe              |    18 |       |       |       ||    18
         Chain mail        |    31 |    75 |    75 |    41 ||   222
  Dodge: Dodged            |    65 |    54 |    84 |    63 ||   266
  Block: Buckler           |       |       |    13 |    36 ||    49

Table legend: (Time is in decaauts)
 A = Elapsed time spent in this place.
 B = Non-inter-level travel time spent in this place.
 C = Inter-level travel time spent in this place.
 D = Time resting spent in this place.
 E = Time spent auto-exploring this place.
 F = Levels seen in this place.
 G = Mean time per level.
                   A        B        C        D        E       F      G
               +--------+--------+--------+--------+--------+-----+--------+
         Total |   9722 |   9441 |    281 |   2048 |   5928 |  12 |  810.2 |
       Dungeon |   9721 |   9440 |    281 |   2048 |   5928 |  11 |  883.7 |
        Temple |      1 |      1 |      0 |      0 |      0 |   1 |    1.0 |
               +--------+--------+--------+--------+--------+-----+--------+

Top non-repeatable levels by time:
     D:9: 1540 daAuts
     D:4: 1118 daAuts
     D:3: 1005 daAuts
     D:1: 948 daAuts
     D:8: 946 daAuts
    D:10: 896 daAuts
     D:7: 892 daAuts
     D:6: 874 daAuts
     D:5: 663 daAuts
     D:2: 634 daAuts
    D:11: 200 daAuts
  Temple: 1 daAuts
